 Dungeon Crawl Stone Soup version 0.32-a0-43-g058985b245 (webtiles) character file.

Game seed: 15721820387963299252

12792 jlumianski the Grappler (level 11, -2/84 HPs)
             Began as a Gnoll Shapeshifter on Feb 4, 2024.
             Was an Elder of Wu Jian.
             Killed from afar by an ice dragon (37 damage)
             ... with a blast of cold
             ... in an ice cave on Feb 5, 2024.
             The game lasted 01:42:14 (14427 turns).

jlumianski the Grappler (Gnoll Shapeshifter)       Turns: 14427, Time: 01:42:15

Health: -2/84      AC: 10    Str: 18    XL:     11   Next: 98%
Magic:  21/21      EV: 21    Int: 15    God:    Wu Jian [****..]
Gold:   488        SH:  0    Dex: 18    Spells: 20/24 levels left

rFire   . .          .
                       - Unarmed
rCold   . . .        (shield currently unavailable)
rNeg    . . .        (body armour currently unavailable)
rPois   .            z - +1 helmet
rElec   .            o - +1 cloak
rCorr   .            T - +2 pair of gloves {Stlth+}
SInv    .            H - +1 pair of boots
Will    .....        k - amulet of the acrobat
Stlth   ++           w - +6 ring of dexterity
HPRegen 0.34/turn    e - +6 ring of intelligence
MPRegen 0.17/turn

%: acrobat
@: flux-form, frozen, glowing, very slow
A: glow, contaminating, fangs 1, strong nose, distributed training
a: Begin Untransformation, Renounce Religion, Wall Jump, Serpent's Lash


You were in an ice cave.
You worshipped Wu Jian.
Wu Jian was greatly pleased with you.
You were something dangerously unstable.
You visited 2 branches of the dungeon, and saw 13 of its levels.
You also visited: Ice Cave.

You collected 854 gold pieces.
You spent 366 gold pieces at shops.

Inventory:

Hand Weapons
 a - the +9 sword of Power {lifebolt}
   (You found it on level 10 of the Dungeon)
 h - the +11 great sword "Wabarghe" {freeze, rElec Str+3}
   (You found it on level 12 of the Dungeon)

   Str+3:     It affects your strength (+3).
   rElec:     It insulates you from electricity.
Missiles
 c - 3 poisoned darts (quivered)
Armour
 o - a +1 cloak (worn)
 v - a +0 chain mail
 z - a +1 helmet (worn)
 H - a +1 pair of boots (worn)
 T - a +2 pair of gloves of stealth (worn)
Jewellery
 e - a +6 ring of intelligence (right hand)
 k - an amulet of the acrobat (around neck)
 w - a +6 ring of dexterity (left hand)
 P - an amulet of guardian spirit
Talismans
 d - a flux talisman (active)
Wands
 A - a wand of polymorph (12)
 E - a wand of paralysis (10)
 R - a wand of acid (11)
Scrolls
 g - 6 scrolls of teleportation
 j - 2 scrolls of immolation
 s - 3 scrolls of blinking
 y - 3 scrolls of poison
 M - a scroll of brand weapon
 O - a scroll of amnesia {unknown}
 Q - a scroll of vulnerability
Potions
 b - a potion of lignification
 m - 5 potions of curing
 p - a potion of magic
 B - a potion of attraction
 G - a potion of might
 S - a potion of resistance {unknown}
 V - a potion of berserk rage {unknown}
 W - a potion of haste {unknown}


   Skills:
 + Level 7.6 Fighting
 + Level 7.0 Short Blades
 + Level 7.0 Long Blades
 + Level 7.0 Axes
 + Level 7.0 Maces & Flails
 + Level 7.0 Polearms
 + Level 7.0 Staves
 + Level 7.0 Ranged Weapons
 + Level 7.0 Throwing
 + Level 7.0 Armour
 + Level 8.5 Dodging
 + Level 7.0 Stealth
 + Level 7.0 Shields
 + Level 9.7 Unarmed Combat
 + Level 7.0 Spellcasting
 + Level 5.8 Conjurations
 + Level 5.8 Hexes
 + Level 5.8 Summonings
 + Level 5.8 Necromancy
 + Level 5.8 Translocations
 + Level 5.8 Fire Magic
 + Level 5.8 Ice Magic
 + Level 5.8 Air Magic
 + Level 5.8 Earth Magic
 + Level 5.8 Alchemy
 + Level 7.7 Invocations
 + Level 7.0 Evocations
 + Level 9.3 Shapeshifting


You had 20 spell levels left.
You knew the following spells:

 Your Spells              Type           Power      Damage    Failure   Level
a - Swiftness             Air            22%        N/A       3%          3
b - Shock                 Conj/Air       88%        1d8       1%          1

Your spell library contained the following spells:

 Spells                   Type           Power      Damage    Failure   Level
 Ensorcelled Hibernation  Hex/Ice        44%        N/A       1%          2
 Sublimation of Blood     Necr           22%        N/A       1%          2
 Fugue of the Fallen      Necr           22%        N/A       3%          3
 Airstrike                Air            11%        2d(2-18)  12%         4
 Anguish                  Hex/Necr       11%        N/A       12%         4
 Petrify                  Alch/Erth      22%        N/A       12%         4
 Irradiate                Conj/Alch      11%        3d15      32%         5
 Iskenderun's Battlesphe  Conj           22%        2d8       32%         5
 Bombard                  Conj/Erth      11%        9d3       88%         6
 Spellforged Servitor     Conj/Summ      11%        N/A       100%        7


Dungeon Overview and Level Annotations

Branches:
Dungeon (12/15)            Temple (1/1) D:6            Lair (0/5) D:10
    Orc (0/2) D:9           IceCv (1/1)

Altars:
Ashenzari
Cheibriados
Dithmenos
Elyvilon
Fedhas
Gozag
Hepliaklqana
Kikubaaqudgha
Makhleb
Nemelex Xobeh
Okawaru
Qazlal
Ru
Sif Muna
Trog
Uskayaw
Vehumet
Wu Jian
Xom
Yredelemnul
Zin
The Shining One

Shops:
D:4 [:   D:5 !*[


Innate Abilities, Weirdness & Mutations

You are something dangerously unstable.
You glow with magical radiation, making you easy to see and hit.
Foes you strike become dangerously contaminated with magical radiation.
You are incapable of wielding weapons or throwing items.
You have very sharp teeth.
Your uncanny sense of smell can sniff out nearby items.
Your experience applies equally to all skills.


Message History

Press: ? - help, Shift-Dir - straight line, f - ice dragon
Aim: an ice dragon (81% to hit)
The bolt of acid hits the ice dragon!
The ice dragon is lightly wounded.
The rime drake breathes ice at you. The icy flash freeze hits you!
You are encased in ice.
The ice encasing you melts away. The rime drake breathes ice at you.
The icy flash freeze hits you!
You are encased in ice.
You spin and attack the rime drake repeatedly.
You hit the rime drake.
The rime drake begins to glow.
The rime drake is lightly wounded.
You hit the rime drake.
The rime drake glows dangerously bright.
The rime drake is moderately wounded.
The rime drake completely misses you.
Aiming: Wall Jump
Press: ? - help, Dir - move target You repeatedly attack the rime drake from above.
You hit the rime drake.
The rime drake shudders as magic cascades through it.
The rime drake twists and deforms.
The rime drake is heavily wounded.
You hit the rime drake.
The rime drake begins to glow.
The rime drake is severely wounded.
You hit the rime drake.
The rime drake glows dangerously bright.
The rime drake is severely wounded.
The ice encasing you melts away. The rime drake completely misses you.
The rime drake breathes ice at you. The icy flash freeze hits you!
You are encased in ice.
The rime drake misses you. The ice dragon misses you. The ice dragon claws you!
The ice dragon completely misses you. The ice dragon breathes frost at you.
The blast of cold hits you!!!
You die...

#.#.# ∆∆
k..#
##..# ∆∆∆
..# ##.#
∆∆∆∆##.#
#..#
∆∆##..#
##.## ∆
#...#
#..#
#####.Z#
##.##
##..k#Z##
#.#.#
#..#kD°#
##.##
##.##p○#
#..##
#..#○##
##..#
###.###
#..##
##...#
##.##
##..###
##..#
##..##
.#.##
#..##
..## #..#
...# #..#


You could see an ice dragon (catching breath), 2 rime drakes, a komodo dragon
simulacrum and a lindwurm simulacrum.

Vanquished Creatures
  A frost giant (D:10)
  2 boulder beetles
  Pikel (D:6)
  2 ugly things (D:10)
  A manticore (D:12)
  2 ice statues (IceCv)
  A rime drake (shapeshifter) (D:10)
  2 rime drakes (IceCv)
  Maggie (D:6)
  2 trolls (D:9)
  A wraith (D:11)
  5 wyverns
  6 yaks
  2 basilisks
  A steam dragon (D:8)
  The ghost of PriceMaster the Firebug, an amateur OpFE of Okawaru (D:4)
  A water moccasin (D:7)
  2 ice beasts (D:6)
  9 orc warriors
  A sky beast (D:8)
  3 black bears
  2 centaurs
  A phantom (D:4)
  A kobold brigand (D:8)
  A gnoll sergeant (D:9)
  2 bullfrogs (D:7)
  A scorpion (D:3)
  5 wights (D:8)
  12 killer bees
  4 lindwurm simulacra (IceCv)
  2 bombardier beetles (D:5)
  5 jellies
  2 quasits (D:4)
  7 komodo dragon simulacra (IceCv)
  3 gnoll boudas
  8 orc priests
  3 hounds
  2 sleepcaps
  12 orc wizards
  5 iguanas
  5 adders
  An acid dragon simulacrum (IceCv)
  17 gnolls
  13 white imps
  6 steam dragon simulacra (IceCv)
  2 ribbon worms
  4 dart slugs
  61 orcs
  4 endoplasms
  4 giant cockroaches (D:1)
  2 goblins
  6 hobgoblins
  2 jackals (D:2)
  11 kobolds
  10 quokkas
  4 ball pythons
  A bat (D:2)
  A frilled lizard (D:1)
  3 rats
282 creatures vanquished.

Vanquished Creatures (collateral kills)
  2 gnolls (D:7)
2 creatures vanquished.

Vanquished Creatures (others)
  A gnoll (D:7)
1 creature vanquished.

Grand Total: 285 creatures vanquished

Notes
Turn   | Place    | Note
-------+----------+-------------------------------------------
     0 | D:1      | jlumianski the Gnoll Shapeshifter began the quest for the
                  | Orb.
     0 | D:1      | Reached XP level 1. HP: 17/17 MP: 1/1
   201 | D:1      | Reached XP level 2. HP: 23/23 MP: 2/2
   446 | D:1      | Reached XP level 3. HP: 23/28 MP: 3/3
   633 | D:2      | Reached skill level 1 in Invocations
   733 | D:2      | Reached skill level 1 in Short Blades
   733 | D:2      | Reached skill level 1 in Long Blades
   733 | D:2      | Reached skill level 1 in Axes
   733 | D:2      | Reached skill level 1 in Maces & Flails
   733 | D:2      | Reached skill level 1 in Polearms
   733 | D:2      | Reached skill level 1 in Staves
   733 | D:2      | Reached skill level 1 in Ranged Weapons
   733 | D:2      | Reached skill level 1 in Throwing
   733 | D:2      | Reached skill level 1 in Armour
   733 | D:2      | Reached skill level 1 in Stealth
   733 | D:2      | Reached skill level 1 in Shields
   733 | D:2      | Reached skill level 1 in Spellcasting
   733 | D:2      | Reached skill level 1 in Evocations
  1032 | D:2      | Reached XP level 4. HP: 34/34 MP: 5/5
  1305 | D:4      | Found Iqoan's Self-Improvement Boutique.
  1474 | D:3      | Noticed a scorpion
  1732 | D:3      | Killed a scorpion
  1733 | D:3      | Reached skill level 1 in Conjurations
  1733 | D:3      | Reached skill level 1 in Hexes
  1733 | D:3      | Reached skill level 1 in Summonings
  1733 | D:3      | Reached skill level 1 in Necromancy
  1733 | D:3      | Reached skill level 1 in Translocations
  1733 | D:3      | Reached skill level 1 in Fire Magic
  1733 | D:3      | Reached skill level 1 in Ice Magic
  1733 | D:3      | Reached skill level 1 in Air Magic
  1733 | D:3      | Reached skill level 1 in Earth Magic
  1733 | D:3      | Reached skill level 1 in Alchemy
  1733 | D:3      | Reached XP level 5. HP: 22/41 MP: 5/7
  2281 | D:3      | Found a blossoming altar of Fedhas.
  2282 | D:3      | Found an ancient bone altar of Kikubaaqudgha.
  2523 | D:4      | Found a transporter.
  2533 | D:4      | Noticed PriceMaster's ghost (amateur OpFE)
  2569 | D:4      | Noticed a phantom
  2587 | D:4      | Killed a phantom
  2588 | D:4      | Reached skill level 5 in Dodging
  2588 | D:4      | Reached XP level 6. HP: 31/47 MP: 7/9
  2722 | D:5      | Entered Level 5 of the Dungeon
  2724 | D:5      | Found a hazy altar of Hepliaklqana.
  2979 | D:4      | Found Unkonech's Armour Shoppe.
  3066 | D:4      | Found a transporter.
  3419 | D:4      | Killed PriceMaster's ghost
  3420 | D:4      | Reached XP level 7. HP: 31/52 MP: 10/10
  3521 | D:4      | Identified the +6 flail "Kucs" {freeze, rC+ Stlth+}
  3591 | D:5      | Found Latupsuiri's Armour Emporium.
  3929 | D:5      | Found an opulent altar of Gozag.
  4045 | D:5      | Found Oklew's Assorted Antiques.
  4047 | D:5      | Found Ugapy's Distillery.
  4122 | D:5      | Bought a potion of heal wounds for 65 gold pieces
  4265 | D:5      | Found a bloodstained altar of Trog.
  4317 | D:5      | Reached XP level 8. HP: 19/60 MP: 12/12
  4659 | D:6      | Found a staircase to the Ecumenical Temple.
  4666 | Temple   | Entered the Ecumenical Temple
  4681 | Temple   | Became a worshipper of the Wu Jian Council
  5328 | D:7      | Noticed Pikel
  5353 | D:6      | Killed Pikel
  5354 | D:6      | Reached XP level 9. HP: 47/66 MP: 14/14
  6061 | D:6      | Found a snail-covered altar of Cheibriados.
  6068 | D:6      | Noticed Maggie
  6080 | D:6      | Killed Maggie
  6081 | D:6      | Reached skill level 5 in Fighting
  6298 | D:7      | Reached * piety under Wu Jian
  6357 | D:7      | Reached skill level 5 in Invocations
  6370 | D:7      | HP: 3/68 [killer bee (4)]
  6966 | D:7      | Found a stormy altar of Qazlal.
  7095 | D:8      | Found a shimmering blue altar of Sif Muna.
  7558 | D:8      | Reached skill level 5 in Short Blades
  7558 | D:8      | Reached skill level 5 in Long Blades
  7558 | D:8      | Reached skill level 5 in Axes
  7558 | D:8      | Reached skill level 5 in Maces & Flails
  7558 | D:8      | Reached skill level 5 in Polearms
  7558 | D:8      | Reached skill level 5 in Staves
  7558 | D:8      | Reached skill level 5 in Ranged Weapons
  7558 | D:8      | Reached skill level 5 in Throwing
  7558 | D:8      | Reached skill level 5 in Armour
  7558 | D:8      | Reached skill level 5 in Stealth
  7558 | D:8      | Reached skill level 5 in Shields
  7558 | D:8      | Reached skill level 5 in Spellcasting
  7558 | D:8      | Reached skill level 5 in Evocations
  7558 | D:8      | Reached XP level 10. HP: 70/76 MP: 17/17
  7874 | D:8      | Reached ** piety under Wu Jian
  9011 | D:4      | Bought a +2 pair of gloves of stealth for 301 gold pieces
  9094 | D:5      | Learned a level 3 spell: Swiftness
  9219 | D:9      | Learned a level 1 spell: Shock
  9846 | D:10     | Entered Level 10 of the Dungeon
 10415 | D:8      | Reached *** piety under Wu Jian
 10784 | D:9      | Found a staircase to the Orcish Mines.
 11231 | D:9      | Reached skill level 5 in Conjurations
 11231 | D:9      | Reached skill level 5 in Hexes
 11231 | D:9      | Reached skill level 5 in Summonings
 11231 | D:9      | Reached skill level 5 in Necromancy
 11231 | D:9      | Reached skill level 5 in Translocations
 11231 | D:9      | Reached skill level 5 in Fire Magic
 11231 | D:9      | Reached skill level 5 in Ice Magic
 11231 | D:9      | Reached skill level 5 in Air Magic
 11231 | D:9      | Reached skill level 5 in Earth Magic
 11231 | D:9      | Reached skill level 5 in Alchemy
 11278 | D:10     | Found a runed translucent door.
 11278 | D:10     | Noticed a brown ugly thing
 11295 | D:10     | Killed a cyan ugly thing
 11296 | D:10     | Reached XP level 11. HP: 68/83 MP: 18/20
 11305 | D:10     | Noticed a boulder beetle
 11325 | D:10     | Killed a boulder beetle
 11376 | D:10     | Noticed a cyan ugly thing
 11389 | D:10     | Killed a cyan ugly thing
 11503 | D:10     | Noticed a boulder beetle
 11503 | D:10     | Noticed a frost giant
 11654 | D:9      | Killed a boulder beetle
 11926 | D:10     | Killed a frost giant
 12123 | D:10     | Identified the +6 long sword "Jyamigeo" {freeze, SInv}
 12292 | D:10     | Found a staircase to the Lair.
 12389 | D:10     | Found the +9 sword of Power {lifebolt}
 12799 | D:12     | Noticed a manticore
 12803 | D:12     | Killed a manticore
 12921 | D:12     | Found a frozen archway.
 12996 | D:11     | Reached **** piety under Wu Jian
 13168 | D:12     | Identified the +11 great sword "Wabarghe" {freeze, rElec
                  | Str+3}
 13174 | IceCv    | Entered an ice cave
 13977 | IceCv    | HP: 1/84 [ice statue] (20)]
 14418 | IceCv    | Noticed an ice dragon
 14427 | IceCv    | Killed from afar by an ice dragon

Illustrated notes

Levels and vault maps discovered:
D:1:      minmay_arrival_nine_rooms, layout_loops_ring
D:2:      layout_loops_ring
D:3:      layout_basic, grunt_temple_overflow_growth_and_decay,
          serial_co_window_serial, co_window_paths_a,
          co_window_of_opportunity_a, co_window_paths_a, co_window_corner_a,
          co_window_corner_a, co_window_corner_b, co_window_2corner,
          co_window_unsneaky_path_e, co_window_of_opportunity_b,
          co_window_4corner_a, glass_columns_b, glass_columns_a, glass_columns_a
D:4:      layout_rooms, gammafunk_ghost_stat_death, serial_shops,
          nicolae_shop_crystal, nicolae_shop_self_help
D:5:      layout_rooms, lemuel_doored_altar, marbit_many_paths,
          mainiacjoe_overflow_alcove_2, serial_shops, shop, shop, shop,
          st_stairs_3, hangedman_decor_growths, kennysheep_nondescript
D:6:      layout_gridville, mainiacjoe_overflow_alcove_1,
          minmay_temple_entry_grid, uniq_maggie
D:7:      layout_rooms, mainiacjoe_overflow_six_doors_small,
          minmay_fractal_squares_gapless_5, uniq_pikel
D:8:      layout_basic, mainiacjoe_overflow_small_starburst
D:9:      layout_cave_pools, david_orc_4, special_room [special_room_orc]
D:10:     layout_layer_cave, david_lair_generic, minivault_13
D:11:     layout_roguey
D:12:     regret_index_bee_streams, layout_basic, enter_trove_5,
          portal_ice_cave_entry_imps, serial_shops, nicolae_shop_rolled_up,
          nicolae_figureground_pulse
Temple:   eino_narrow_crystal_temple
IceCv:    ice_cave_small_dragons

Skill      XL: |  1  2  3  4  5  6  7  8  9 10 11 |
---------------+----------------------------------+-----
Invocations    | 1 2 3 4 5 6 7 |  7.7
Short Blades   | 1 2 3 5 6 7 |  7.0
Long Blades    | 1 2 3 5 6 7 |  7.0
Axes           | 1 2 3 5 6 7 |  7.0
Maces & Flails | 1 2 3 5 6 7 |  7.0
Polearms       | 1 2 3 5 6 7 |  7.0
Staves         | 1 2 3 5 6 7 |  7.0
Ranged Weapons | 1 2 3 5 6 7 |  7.0
Throwing       | 1 2 3 5 6 7 |  7.0
Armour         | 1 2 3 5 6 7 |  7.0
Stealth        | 1 2 3 5 6 7 |  7.0
Shields        | 1 2 3 5 6 7 |  7.0
Spellcasting   | 1 2 3 5 6 7 |  7.0
Evocations     | 1 2 3 5 6 7 |  7.0
Fighting       | 3 4 5 6 7 |  7.6
Conjurations   | 1 2 3 4 5 |  5.8
Hexes          | 1 2 3 4 5 |  5.8
Summonings     | 1 2 3 4 5 |  5.8
Necromancy     | 1 2 3 4 5 |  5.8
Translocations | 1 2 3 4 5 |  5.8
Fire Magic     | 1 2 3 4 5 |  5.8
Ice Magic      | 1 2 3 4 5 |  5.8
Air Magic      | 1 2 3 4 5 |  5.8
Earth Magic    | 1 2 3 4 5 |  5.8
Alchemy        | 1 2 3 4 5 |  5.8
Dodging        | 5 6 7 8 |  8.5
Unarmed Combat | 7 8 9 |  9.7
Shapeshifting  | 7 8 9 |  9.3

Action                     |  1- 3 |  4- 6 |  7- 9 | 10-12 || total
---------------------------+-------+-------+-------+-------++-------
  Melee: Unarmed           |    68 |    84 |   295 |   592 ||  1039
         Bite              |     4 |     7 |    36 |    83 ||   130
         Punch             |     2 |     4 |     9 |       ||    15
  Throw: Dart              |       |     1 |    18 |       ||    19
   Cast: Shock             |       |       |       |    42 ||    42
         Swiftness         |       |       |       |     7 ||     7
Ability: Lunge             |       |       |    13 |    29 ||    42
         Whirlwind         |       |       |     2 |   108 ||   110
         Wall Jump         |       |       |       |    80 ||    80
  Evoke: Wand              |       |       |     4 |     7 ||    11
    Use: Scroll            |       |       |    11 |     6 ||    17
         Potion            |       |       |     3 |     4 ||     7
   Stab: Sleeping          |     1 |       |       |     2 ||     3
         Paralysed         |       |       |     2 |     2 ||     4
         Distracted        |       |       |       |     1 ||     1
 Armour: Animal skin       |    14 |       |       |       ||    14
         Ring mail         |    11 |     9 |       |       ||    20
         Scale mail        |       |    39 |       |       ||    39
         Chain mail        |       |     8 |    86 |       ||    94
         Plate armour      |       |       |   159 |    61 ||   220
         Skin              |       |       |       |   187 ||   187
  Dodge: Dodged            |    40 |    73 |   143 |   473 ||   729
   Form: Flux              |       |       |       |     1 ||     1

Table legend: (Time is in decaauts)
 A = Elapsed time spent in this place.
 B = Non-inter-level travel time spent in this place.
 C = Inter-level travel time spent in this place.
 D = Time resting spent in this place.
 E = Time spent auto-exploring this place.
 F = Levels seen in this place.
 G = Mean time per level.
                   A        B        C        D        E       F      G
               +--------+--------+--------+--------+--------+-----+--------+
         Total |  14483 |  14076 |    407 |   3577 |   4902 |  14 | 1034.5 |
       Dungeon |  13185 |  12778 |    407 |   2806 |   4902 |  12 | 1098.8 |
        Temple |     30 |     30 |      0 |      0 |      0 |   1 |   30.0 |
      Ice Cave |   1267 |   1267 |      0 |    771 |      0 |   1 | 1267.0 |
               +--------+--------+--------+--------+--------+-----+--------+

Top non-repeatable levels by time:
     D:8: 2395 daAuts
     D:6: 1834 daAuts
     D:9: 1519 daAuts
     D:4: 1309 daAuts
    D:10: 1285 daAuts
   IceCv: 1267 daAuts
     D:3: 1147 daAuts
     D:5: 1049 daAuts
     D:7: 873 daAuts
     D:2: 784 daAuts
    D:11: 484 daAuts
     D:1: 434 daAuts
    D:12: 68 daAuts
  Temple: 30 daAuts
